cohdb
Replays
Latest Replays
All Replays
Popular Replays
Top Player Replays
Match Explorer
How It Works
Community
CoH3 Stats
Reddit
Sign in to upload your games and track your stats! →
Sign in with Steam
Match 42125209
Unlisted
Match 42125209
Overview
Messages
Build Orders
End
Construct Section Command Post
Vickers Machine Gun Team
Selects Canadian Shock Battlegroup
Dingo Light Scout Car
Vickers Machine Gun Team
Royal Engineer Section
Construct Platoon Command Post
Selects Attacking Spirit
Selects Canadian Shock Section
Canadian Shock Section
Unlock M3 Stuart Light Tanks
Canadian Shock Section
Selects Incendiary Munitions
M3 Stuart Light Tank
M3 Stuart Light Tank
AI Takeover
库腾堡剑圣五河士道
SASU
threestars
ceremoney
BladeRunner
Ares
Jufflubagus
Moltke1871
0
0
Comments
sign in to comment!
No comments posted yet!